 Dungeon Crawl Stone Soup version 0.25.1-2-g60ff931df9 (webtiles) character file.

Game seed: 9205102680044150544

73679 DildoBatman the Thaumaturge (level 15, -18/126 HPs)
             Began as a Formicid Wizard on Oct 31, 2020.
             Was an Initiate of Gozag.
             Hit by a large rock thrown by a stone giant (44 damage)
             ... in a volcano.
             The game lasted 01:54:44 (23808 turns).

DildoBatman the Thaumaturge (Formicid Wizard)      Turns: 23808, Time: 01:54:45

Health: -18/126    AC: 13    Str: 13      XL:     15   Next: 91%
Magic:  42/42      EV: 14    Int: 31      God:    Gozag
Gold:   2434       SH:  6    Dex:  8 (9)  Spells: 20/42 levels left

rFire    + . .     SeeInvis +   b - +2 trident (protect)
rCold    + . .     Gourm    .   W - +1 buckler
rNeg     . . .     Faith    .   p - +3 troll leather armour
rPois    .         Spirit   .   (helmet unavailable)
rElec    .         Reflect  .   N - scarf {rC+ rF+}
rCorr    .         Harm     .   q - +0 pair of gloves
MR       ++...                  n - +0 pair of boots
Stlth    ++........             m - amulet of magic regeneration
HPRegen  0.71/turn              y - +6 ring of intelligence
MPRegen  0.53/turn              K - ring of magical power

@: no status effects
A: permanent stasis, dig shafts and tunnels, four strong arms, antennae 3,
iridescent scales 1, magic resistance 1, robust 1, strong 1
a: Dig, Shaft Self, Potion Petition, Call Merchant, Bribe Branch, Renounce
Religion


You were in a volcano.
You worshipped Gozag.
Gozag was most pleased with you.
You were not hungry.

You visited 4 branches of the dungeon, and saw 20 of its levels.
You also visited: Ice Cave and Volcano.

You collected 3944 gold pieces.
You spent 1014 gold pieces at shops.
You paid 496 gold pieces to Gozag.

Inventory:

Hand Weapons
 b - a +2 trident of protection (weapon)
 c - a +3 shortbow
 e - a +3 quarterstaff of pain
 f - the +1 fustibalus "Kuocaed" {freeze, rElec rF++ rN+ MR-}
   (You bought it in a shop on level 2 of the Orcish Mines)

   It causes projectiles fired from it to freeze those they strike, causing
   extra injury to most foes and up to half again as much damage against
   particularly susceptible opponents.
   They can also slow down cold-blooded creatures.
   It greatly protects you from fire.
   It insulates you from electricity.
   It protects you from negative energy.
   It affects your resistance to hostile enchantments.
 D - the +2 great sword "Kicoruvae" {elec, +Rage Int+2 Stlth-}
   (You bought it in a shop on level 2 of the Orcish Mines)

   Occasionally, upon striking a foe, it will discharge some electrical energy
   and cause terrible harm.
   It affects your intelligence (+2).
   It lets you go berserk.
   It makes you less stealthy.
Missiles
 o - 184 bolts
 t - 621 arrows
 u - 474 stones
 w - 84 sling bullets
 F - 2 javelins (quivered)
 Y - 4 throwing nets
Armour
 n - a +0 pair of boots (worn)
 p - a +3 troll leather armour (worn)
 q - a +0 pair of gloves (worn)
 N - a scarf of resistance (worn)
 W - a +1 buckler (worn)
Jewellery
 m - an amulet of magic regeneration (around neck)
 r - an uncursed amulet of regeneration
 y - a +6 ring of intelligence (left hand)
 E - an uncursed ring of protection from fire
 K - a ring of magical power (right hand)
 P - an uncursed ring of wizardry
Wands
 A - a wand of flame (70)
 H - a wand of iceblast (15)
 L - a wand of paralysis (19)
 S - a wand of disintegration (8)
 X - a wand of acid (7)
Scrolls
 g - 5 scrolls of enchant weapon
 x - 5 scrolls of remove curse
 z - 8 scrolls of identify
 C - 2 scrolls of vulnerability
 O - a scroll of fog
 Q - 2 scrolls of immolation
 U - a scroll of torment
Potions
 h - 2 potions of curing
 i - 3 potions of stabbing
 j - 7 potions of brilliance
 k - a potion of magic
 l - a potion of invisibility
 B - 3 potions of flight
 J - 3 potions of might
 M - 5 potions of ambrosia
 R - 3 potions of lignification
 T - a potion of cancellation
Miscellaneous
 I - a phial of floods
Comestibles
 v - 29 rations


   Skills:
 - Level 10.0 Fighting
 - Level 10.0 Armour
 - Level 8.0 Dodging
 - Level 2.4 Stealth
 - Level 9.0 Shields
 - Level 14.0 Spellcasting
 - Level 4.1 Conjurations
   Level 1.0 Summonings
 - Level 12.0 Necromancy
   Level 0.8 Translocations
 - Level 4.0 Fire Magic
 - Level 3.0 Air Magic
 - Level 5.7 Earth Magic
 - Level 3.0 Poison Magic
 * Level 6.1 Evocations


You had 20 spell levels left.
You knew the following spells:

 Your Spells              Type           Power        Failure   Level  Hunger
a - Conjure Flame         Conj/Fire      #####...     1%          3    None
b - Iron Shot             Conj/Erth      ######....   45%         6    ###....
c - Magic Dart            Conj           ####         1%          1    None
d - Vampiric Draining     Necr           #######...   1%          3    None
e - Mephitic Cloud        Conj/Pois/Air  #####...     1%          3    None
h - Dispel Undead         Necr           #######.     1%          4    None
z - Sublimation of Blood  Necr           #######...   1%          2    None

Your spell library contained the following spells:

 Spells                   Type           Power        Failure   Level  Hunger
 Animate Skeleton         Necr           N/A          1%          1    None
 Pain                     Necr           ####         1%          1    None
 Animate Dead             Necr           N/A          1%          4    None
 Agony                    Necr           #######.     1%          5    None
 Corona                   Hex            ###....      2%          1    None
 Call Imp                 Summ           ####....     2%          2    None
 Death Channel            Necr           #######...   2%          6    ###....
 Ensorcelled Hibernation  Hex/Ice        ###...       3%          2    None
 Slow                     Hex            ###.....     3%          2    None
 Dazzling Flash           Conj/Hex       ####..       3%          3    None
 Summon Guardian Golem    Hex/Summ       ###.....     6%          3    None
 Excruciating Wounds      Chrm/Necr      ######....   6%          5    None
 Confusing Touch          Hex            ###.....     8%          3    None
 Tukima's Dance           Hex            ###.....     8%          3    None
 Ice Form                 Ice/Tmut       ###.....     26%         4    None
 Simulacrum               Ice/Necr       ######....   32%         6    ###....
 Metabolic Englaciation   Hex/Ice        ###.......   56%         5    None
 Borgnjor's Revivificati  Necr           #######...   77%         8    ######.
 Infestation              Necr           #######...   77%         8    ######.
 Freezing Cloud           Conj/Ice/Air   #####.....   83%         6    ###....
 Haunt                    Necr/Summ      ######....   83%         7    #####..
 Darkness                 Hex            ###.......   98%         6    ###....
 Ozocubu's Refrigeration  Ice            ###.......   98%         6    ###....
 Death's Door             Chrm/Necr      ######....   100%        8    ######.
 Necromutation            Tmut/Necr      ######....   100%        8    ######.
 Blink                    Tloc           Unusable     N/A         2    N/A

Dungeon Overview and Level Annotations

Branches:
Dungeon (15/15)            Temple (1/1) D:5            Lair (2/6) D:11
    Orc (2/2) D:12            Elf (0/3) Orc:2        Vaults (0/5) D:14
 Depths (0/5) D:15          IceCv (visited)         Volcano (1/1)
  Swamp: Lair:2-4    Shoals: Lair:2-4     Snake: Lair:2-4    Spider: Lair:2-4

Altars:
Ashenzari
Cheibriados
Dithmenos
Elyvilon
Fedhas
Gozag
Hepliaklqana
Kikubaaqudgha
Makhleb
Nemelex Xobeh
Okawaru
Qazlal
Ru
Sif Muna
Trog
Uskayaw
Vehumet
Wu Jian
Xom
Yredelemnul
Zin
The Shining One
Beogh

Shops:
D:7 *   D:10 =   D:11 }   Orc:2 *([=

Annotations:
Lair:1 exclusion: 2 oklob plants
Orc:1 Saint Roka


Innate Abilities, Weirdness & Mutations

You cannot be hasted, slowed, berserked, paralysed or teleported.
You can dig through walls and to a lower floor.
Your four strong arms can wield two-handed weapons with a shield.
You have a pair of large antennae on your head. (SInv)
You are partially covered in iridescent scales. (AC +2)
You are resistant to hostile enchantments. (MR+)
You are robust. (+10% HP)
Your muscles are strong. (Str +2)


Message History

a large rock a +0 flail The stone giant throws a large rock.
The large rock hits you!!!
You see here a large rock.
The stone giant throws a large rock.
The large rock hits you!
You see here a large rock.
The stone giant throws a large rock.
The large rock hits you!
There is an open door, spattered with blood here.
You see here a large rock.
You close the door, pushing everything out of the way.
You see here a large rock.
Something unseen opens the door.
The air gets thick with the scent of sulphur.
The stone giant throws a large rock.
The large rock hits you!!!
You die...
Your body crumbles into a pile of gold.

#######☼...☼..............#..§§
###..○○...°.≈§≈§§≈§§≈≈§§§.......§
#...○○.°°.°≈§§≈≈≈§≈≈≈§§§§.≈...≈≈§
....°○°..§°≈≈≈§§§§≈§§§≈§§§§≈.≈≈§≈
....°○°≈≈°§≈≈§§≈§≈≈§§§§§§§§≈§≈≈§§
...≈≈≈§≈≈≈§≈§§≈≈§≈§≈§§≈≈§≈≈≈§≈≈≈≈
....○○≈§§§§§≈§§§≈≈≈≈≈≈≈≈≈§§≈§≈≈§≈
§≈§§≈.°≈§≈..≈§§§§≈§≈.≈≈≈≈.§≈≈§.§§
≈§§≈☼°≈...≈≈..§§@.....(..§§.....≈
§§≈≈§○°≈≈≈≈§≈§§########C########.
.§§§○°≈§§≈§§§≈§# #.# #.
.≈≈§§°≈≈§≈≈≈≈§.# { #(# { #.
.≈§≈○°≈≈≈≈≈≈≈≈.# $ #.# $ $ #.
§§§§○○≈≈≈≈≈≈≈≈.# $ $ #(# $ #.
§≈§≈§≈≈≈≈§≈≈§§.######.#C#.######.
§§§§§ ≈≈≈≈≈§§§§#......#)#......#.
§§§§ ≈○°°○§§§###++###'###++###.


You could see a stone giant.

Vanquished Creatures
  An orc warlord (Orc:2)
  An ironheart preserver (D:14)
  The ghost of Cykl0x the Carver, a journeyman FoFi of the Shining One (D:15)
  Snorg (D:14)
  An ogre mage (Orc:1)
  A hydra (D:15)
  2 catoblepae (D:13)
  5 centaur warriors
  A death knight (D:14)
  9 two-headed ogres
  3 death yaks
  An orc high priest (Orc:2)
  A spark wasp zombie (D:15)
  Nergalle (D:12)
  9 skeletal warriors
  6 unseen horrors
  Pikel (D:4)
  A glowing orange brain (D:15)
  A wizard (D:15)
  2 deep elf magi
  4 orc knights
  A stone giant zombie (D:15)
  2 manticores
  11 ugly things
  4 cyclopes
  7 orc sorcerers
  A wolf spider (D:15)
  Maurice (D:8)
  3 ice statues (IceCv)
  A death yak zombie (Lair:1)
  2 rime drakes (Orc:1)
  4 gargoyles
  3 freezing wraiths
  A tengu conjurer (D:15)
  2 efreet
  A hydra zombie (Lair:1)
  7 trolls
  A spriggan zombie (D:15)
  A harpy zombie (D:15)
  4 hornets
  A harpy skeleton (D:13)
  9 hippogriffs
  2 fire dragon zombies
  7 blink frogs (Lair:1)
  7 slime creatures (D:15)
  The ghost of MilkNation the Twirler, an amateur GrGl of Okawaru (D:6)
  3 shadows
  5 wyverns
  A black mamba zombie (Lair:1)
  A spriggan (shapeshifter) (D:15)
  2 fire elementals (Volcano)
  6 wraiths
  A basilisk (Lair:2)
  12 yaks
  2 fire bats (Volcano)
  3 hungry ghosts
  2 spriggan simulacra (D:15)
  A steam dragon (D:7)
  12 vampire mosquitoes
  An elf zombie (D:15)
  3 wargs
  3 acid dragons
  2 water moccasins
  7 porcupines
  A spiny frog zombie (Lair:1)
  A human skeleton (D:15)
  A two-headed ogre skeleton (D:14)
  37 orc warriors
  An ettin simulacrum (D:15)
  2 phantoms
  4 slaves (D:4)
  2 dream sheep zombies (Lair:1)
  8 ice beasts
  A spiny frog skeleton (Lair:1)
  An eye of draining (D:12)
  6 wolves (Lair:1)
  An ice dragon simulacrum (D:15)
  13 ogres
  A manticore zombie (D:15)
  8 sky beasts
  A necrophage (D:10)
  A boggart (D:14)
  19 centaurs
  4 crocodiles (Lair:1)
  3 komodo dragon zombies
  4 big kobolds
  A rime drake skeleton (Lair:1)
  Blork the orc (Orc:2)
  15 bullfrogs
  A hippogriff skeleton (D:15)
  2 wyvern skeletons (D:11)
  2 gnoll sergeants
  A cyclops zombie (D:14)
  A scorpion (shapeshifter) (D:15)
  A water moccasin zombie (D:6)
  5 scorpions
  A tengu zombie (D:15)
  5 killer bees (D:12)
  6 wights
  3 howler monkeys
  5 lava snakes (Volcano)
  3 crimson imps
  2 quasits
  3 centaur zombies
  3 bullfrog zombies
  37 orc wizards
  3 bullfrog skeletons
  9 centaur skeletons
  4 jellies
  4 hounds
  24 orc priests
  A gnoll shaman (D:6)
  2 iguanas
  13 worker ants
  A tengu simulacrum (D:15)
  A killer bee zombie (D:4)
  3 ogre zombies
  An ogre skeleton (D:14)
  3 hound skeletons
  A howler monkey zombie (D:11)
  A worker ant zombie (D:14)
  7 adders
  7 gnolls
  A howler monkey skeleton (D:15)
  A river rat (D:11)
  5 orc skeletons
  5 shadow imps
  3 oozes
  An iguana skeleton (D:14)
  2 worms (D:2)
  2 dart slugs (D:2)
  3 leopard geckos
  102 orcs
  5 ball pythons
  A bat skeleton (D:13)
  3 giant cockroaches
  5 goblins
  7 hobgoblins
  20 jackals
  17 kobolds
  4 quokkas
  5 bats
  7 frilled lizards
  A frilled lizard zombie (D:14)
  A jackal skeleton (D:4)
  A quokka skeleton (D:7)
  A quokka zombie (D:14)
  6 rats
716 creatures vanquished.

Vanquished Creatures (collateral kills)
  A killer bee (D:12)
  A gnoll (D:6)
2 creatures vanquished.

Vanquished Creatures (others)
  A deep elf mage (D:13)
  2 centaurs (D:13)
  A gnoll sergeant (D:6)
  A quokka (D:11)
  3 plants
8 creatures vanquished.

Grand Total: 726 creatures vanquished

Notes
Turn   | Place    | Note
-------+----------+-------------------------------------------
     0 | D:1      | DildoBatman the Formicid Wizard began the quest for the
                  | Orb.
     0 | D:1      | Reached XP level 1. HP: 13/13 MP: 4/4
    10 | D:1      | Reached skill level 1 in Conjurations
   225 | D:1      | Reached XP level 2. HP: 13/19 MP: 0/6
   795 | D:1      | Reached XP level 3. HP: 10/24 MP: 0/7
  1535 | D:2      | Reached XP level 4. HP: 30/30 MP: 3/8
  1561 | D:2      | Learned a level 3 spell: Conjure Flame
  1565 | D:2      | Learned a level 3 spell: Mephitic Cloud
  2516 | D:3      | Reached XP level 5. HP: 35/35 MP: 5/9
  3012 | D:4      | Noticed an ogre
  3140 | D:4      | Noticed a slave
  3250 | D:4      | Reached skill level 1 in Poison Magic
  3254 | D:4      | Noticed a phantom
  3421 | D:4      | Noticed a slave
  3442 | D:4      | Reached XP level 6. HP: 42/42 MP: 6/11
  3565 | D:4      | Reached skill level 1 in Fighting
  3565 | D:4      | Reached skill level 1 in Armour
  3565 | D:4      | Reached skill level 1 in Fire Magic
  3571 | D:4      | Killed an ogre
  3571 | D:4      | Reached skill level 1 in Air Magic
  3814 | D:5      | Entered Level 5 of the Dungeon
  3839 | D:5      | Found a staircase to the Ecumenical Temple.
  3847 | Temple   | Entered the Ecumenical Temple
  3916 | Temple   | Became a worshipper of Kikubaaqudgha
  3980 | D:3      | Killed a phantom
  3980 | D:3      | Reached XP level 7. HP: 40/49 MP: 0/12
  4023 | D:4      | Noticed Pikel
  4047 | D:4      | Killed Pikel
  4047 | D:4      | Reached skill level 4 in Spellcasting
  4047 | D:4      | Reached XP level 8. HP: 50/57 MP: 9/14
  4828 | D:6      | Noticed a hornet
  4894 | D:6      | Killed a hornet
  4896 | D:6      | Reached XP level 9. HP: 41/65 MP: 16/16
  4969 | D:6      | Reached skill level 5 in Spellcasting
  4995 | D:6      | Reached * piety under Kikubaaqudgha
  4995 | D:6      | Identified Kikubaaqudgha's Tome of Stolen Souls
                  | (Kikubaaqudgha gifted it to you on level 6 of the Dungeon)
  4995 | D:6      | Received a gift from Kikubaaqudgha
  5000 | D:6      | Learned a level 2 spell: Sublimation of Blood
  5004 | D:6      | Learned a level 3 spell: Vampiric Draining
  5039 | D:6      | Reached skill level 1 in Necromancy
  5251 | D:6      | Noticed MilkNation's ghost (amateur GrGl)
  5320 | D:6      | Found a snail-covered altar of Cheibriados.
  5381 | D:6      | Found a transporter.
  5382 | D:6      | Found a transporter.
  5433 | D:7      | Found Xirhanka's General Store.
  5441 | D:7      | Bought a potion of degeneration for 12 gold pieces
  5441 | D:7      | Bought a scroll of random uselessness for 12 gold pieces
  5441 | D:7      | Bought a potion of curing for 36 gold pieces
  5448 | D:7      | Gained mutation: Your magical capacity is low. (-10% MP)
                  | [potion of mutation]
  5448 | D:7      | Gained mutation: You are partially covered in rugged brown
                  | scales. (AC +1, +3% HP) [potion of mutation]
  5449 | D:7      | Lost mutation: You are partially covered in rugged brown
                  | scales. (AC +1, +3% HP) [potion of mutation]
  5449 | D:7      | Lost mutation: Your magical capacity is low. (-10% MP)
                  | [potion of mutation]
  5449 | D:7      | Gained mutation: Your muscles are strong. (Str +2) [potion
                  | of mutation]
  5449 | D:7      | Gained mutation: You are resistant to hostile enchantments.
                  | (MR+) [potion of mutation]
  5449 | D:7      | Gained mutation: You are partially covered in iridescent
                  | scales. (AC +2) [potion of mutation]
  5449 | D:7      | Gained mutation: You are robust. (+10% HP) [potion of
                  | mutation]
  5796 | D:7      | Reached skill level 5 in Armour
  5971 | D:7      | Noticed a hornet
  5981 | D:7      | Killed a hornet
  5981 | D:7      | Reached skill level 5 in Fighting
  6110 | D:7      | Reached skill level 6 in Spellcasting
  6311 | D:7      | Reached XP level 10. HP: 81/81 MP: 19/19
  6622 | D:7      | Reached ** piety under Kikubaaqudgha
  6725 | D:8      | Noticed Maurice
  6742 | D:8      | Killed Maurice
  6742 | D:8      | Reached skill level 7 in Spellcasting
  6742 | D:8      | Reached skill level 5 in Necromancy
  7516 | D:9      | Noticed a two-headed ogre
  7883 | D:9      | Killed a two-headed ogre
  8252 | D:9      | Reached XP level 11. HP: 81/86 MP: 21/21
  8295 | D:9      | Found a sacrificial altar of Ru.
  8313 | D:9      | Reached *** piety under Kikubaaqudgha
  8313 | D:9      | Identified Kikubaaqudgha's Grimoire of Black Secrets
                  | (Kikubaaqudgha gifted it to you on level 9 of the Dungeon)
  8313 | D:9      | Received a gift from Kikubaaqudgha
  8320 | D:9      | Learned a level 4 spell: Dispel Undead
  8718 | D:10     | Entered Level 10 of the Dungeon
  9021 | D:10     | Found Tiemaday's Jewellery Boutique.
  9162 | D:10     | Reached skill level 5 in Dodging
  9748 | D:11     | Noticed a death yak
  9760 | D:11     | Killed a death yak
  9764 | D:11     | Reached **** piety under Kikubaaqudgha
  9777 | D:11     | Noticed a death yak
  9785 | D:11     | Noticed a death yak
  9787 | D:11     | Noticed a cyclops
  9808 | D:10     | Killed a death yak
  9839 | D:11     | Killed a death yak
  9876 | D:11     | Killed a cyclops
  9924 | D:11     | Noticed a two-headed ogre
  9952 | D:11     | Killed a two-headed ogre
  9952 | D:11     | Reached XP level 12. HP: 92/101 MP: 22/22
 10134 | D:11     | Noticed a two-headed ogre
 10148 | D:11     | Killed a two-headed ogre
 10182 | D:11     | Found a staircase to the Lair.
 10558 | D:11     | Found Cywy's Gadget Boutique.
 10712 | D:12     | You fall into a shaft and drop 1 floor!
 10713 | D:13     | Noticed a catoblepas
 10722 | D:13     | Noticed a centaur warrior
 10727 | D:13     | Killed a catoblepas
 10759 | D:13     | Killed a centaur warrior
 10837 | D:13     | Noticed a centaur warrior
 10843 | D:13     | Reached skill level 1 in Evocations
 10963 | D:13     | Killed a centaur warrior
 10963 | D:13     | Reached skill level 5 in Evocations
 11124 | D:12     | Noticed an unseen horror
 11141 | D:12     | Killed an unseen horror
 11149 | D:12     | Reached ***** piety under Kikubaaqudgha
 11149 | D:12     | Reached XP level 13. HP: 104/111 MP: 23/23
 11601 | D:12     | Noticed Nergalle
 11625 | D:12     | Killed Nergalle
 11626 | D:12     | Reached skill level 10 in Fighting
 11663 | D:12     | Reached skill level 10 in Armour
 11748 | D:12     | Found a staircase to the Orcish Mines.
 12015 | Orc:1    | Entered Level 1 of the Orcish Mines
 12036 | Orc:1    | Reached skill level 10 in Necromancy
 12111 | Orc:1    | Noticed an ogre mage
 12133 | Orc:1    | Killed an ogre mage
 12350 | Orc:1    | Reached ****** piety under Kikubaaqudgha
 12367 | Orc:1    | Received a gift from Kikubaaqudgha
 12402 | Orc:1    | Found a frozen archway.
 12425 | IceCv    | Entered an ice cave
 13705 | IceCv    | Identified Killomnu's Handbook of Captivating Arcane
                  | Weapons
 13787 | D:12     | Fell from the grace of Kikubaaqudgha
 13961 | Temple   | Became a worshipper of Gozag Ym Sagoz the Greedy
 14668 | D:6      | Killed MilkNation's ghost
 14668 | D:6      | Reached skill level 8 in Spellcasting
 15229 | Orc:2    | Entered Level 2 of the Orcish Mines
 15247 | Orc:2    | Noticed Saint Roka
 15283 | Orc:1    | Reached skill level 1 in Shields
 15314 | Orc:2    | Found a staircase to the Elven Halls.
 15595 | Orc:2    | Reached XP level 14. HP: 114/121 MP: 26/26
 16244 | Orc:2    | Reached skill level 5 in Shields
 16554 | Orc:2    | Noticed Blork the orc
 16571 | Orc:2    | Killed Blork the orc
 17031 | Orc:2    | Noticed an orc warlord
 17032 | Orc:2    | Found a roughly hewn altar of Beogh.
 17071 | Orc:2    | Killed an orc warlord
 17136 | Orc:2    | Found Ynis's Antique Weapon Shoppe.
 17325 | Orc:2    | Found Vurewesijo's Antique Armour Shoppe.
 17352 | Orc:2    | Found Gigeyma's Jewellery Shoppe.
 17367 | Orc:2    | Found Tali's General Store.
 17519 | Orc:2    | Bought a fine great sword for 322 gold pieces
 17519 | Orc:2    | Identified the cursed +2 great sword "Kicoruvae" {elec,
                  | +Rage Int+2 Stlth-} (You bought it in a shop on level 2 of
                  | the Orcish Mines)
 17521 | Orc:2    | Bought a brightly glowing fustibalus for 560 gold pieces
 17521 | Orc:2    | Identified the cursed +1 fustibalus "Kuocaed" {freeze,
                  | rElec rF++ rN+ MR-} (You bought it in a shop on level 2 of
                  | the Orcish Mines)
 17674 | D:7      | Bought a scroll of identify for 24 gold pieces
 17674 | D:7      | Bought a scroll of identify for 24 gold pieces
 17674 | D:7      | Bought a scroll of identify for 24 gold pieces
 18467 | D:14     | Reached skill level 9 in Spellcasting
 18627 | D:14     | Noticed Snorg
 18640 | D:14     | Noticed an ironheart preserver
 18734 | D:14     | Killed an ironheart preserver
 18734 | D:14     | Reached skill level 10 in Spellcasting
 18777 | D:14     | Killed Snorg
 18991 | D:14     | Reached skill level 11 in Spellcasting
 18995 | D:14     | Found a gate to the Vaults.
 19150 | D:14     | Reached XP level 15. HP: 113/126 MP: 30/30
 19420 | D:14     | Found a white marble altar of Elyvilon.
 19634 | D:14     | Learned a level 6 spell: Iron Shot
 19635 | D:15     | Entered Level 15 of the Dungeon
 19681 | D:15     | Reached skill level 12 in Spellcasting
 20508 | D:15     | Reached skill level 13 in Spellcasting
 20545 | D:15     | Found a runed translucent gate.
 20545 | D:15     | Found a runed translucent gate.
 20554 | D:15     | Found a runed translucent gate.
 20619 | D:15     | Noticed Cykl0x's ghost (journeyman FoFi)
 21400 | D:15     | Found a shimmering blue altar of Sif Muna.
 21824 | D:15     | Found a staircase to the Depths.
 21962 | D:15     | Killed Cykl0x's ghost
 21962 | D:15     | Reached skill level 14 in Spellcasting
 21967 | D:15     | Reached skill level 1 in Earth Magic
 22308 | Lair:1   | Entered Level 1 of the Lair of Beasts
 22793 | Lair:1   | Was forgiven by Kikubaaqudgha
 23299 | Lair:2   | Reached skill level 5 in Earth Magic
 23336 | Lair:2   | Found a dark tunnel.
 23350 | Volcano  | Entered a volcano
 23640 | Volcano  | Found a burning altar of Makhleb.
 23772 | Volcano  | Noticed a stone giant
 23808 | Volcano  | Hit by a large rock thrown by a stone giant

Illustrated notes

Levels and vault maps discovered:
D:1:      minmay_arrival_three_doors, layout_basic, serial_corexii_hall,
          corexii_hall_statues_x, corexii_hall_statues_x
D:2:      layout_loops_ring
D:3:      minmay_wonky_spiral, layout_basic
D:4:      layout_loops_ring, first_ration, uniq_pikel
D:5:      layout_layer_cave, minmay_temple_entry_waves, minmay_misc_feat_plants
D:6:      layout_rooms, cheibriados_altar_1, gammafunk_ghost_gnarly_gnolls
D:7:      layout_basic, serial_shops, shop
D:8:      layout_loops_ring, blue_anna_alchemist [blue_anna_fruit_fields,
          blue_anna_fruit_fields], uniq_maurice
D:9:      layout_stronghold, minmay_misc_feat_hallway,
          hangedman_abyss_or_decor_clamps, st_stairs_11, serial_park_tiny_1,
          hangedman_ru_absence
D:10:     layout_roguey, serial_shops, kennysheep_mini,
          minmay_fractal_squares_gapless_5
D:11:     layout_loops_cross, dpeg_lair_monsters, serial_shops,
          nicolae_shop_stone
D:12:     layout_basic, david_orc_4, uniq_nergalle
D:13:     layout_basic
D:14:     layout_roguey, skrybe_vaults_entry_preservation, elyvilon_altar_3,
          uniq_snorg
D:15:     gammafunk_enter_depths_forms, layout_layer_cave,
          gammafunk_ghost_necromancy, lemuel_blue_sif_altar,
          palyth_stone_intersect, st_stairs_10
Temple:   dpeg_three_leaves_temple
Lair:1:   layout_cave_shapes, minmay_lair_oklob_chamber, grunt_megastairs_4
Lair:2:   layout_cave_pods, nicolae_volcano_entry_lava_flow, zaba_anthell
Orc:1:    layout_caves, portal_ice_cave_rime
Orc:2:    grunt_orc_cross, layout_caves, uniq_saint_roka
Volcano:  volcano_lake [vl_original]

Skill      XL: |  1  2  3  4  5  6  7  8  9 10 11 12 13 14 15 |
---------------+----------------------------------------------+-----
Conjurations   | 1 2 3 4 |  4.1
Dodging        | 2 3 4 6 7 8 |  8.0
Poison Magic   | 1 2 3 |  3.0
Fighting       | 1 2 3 5 8 9 10 | 10.0
Armour         | 1 3 4 5 8 9 10 | 10.0
Fire Magic     | 1 2 3 4 |  4.0
Air Magic      | 1 2 3 |  3.0
Spellcasting   | 4 6 7 8 11 14 | 14.0
Necromancy     | 3 9 12 | 12.0
Evocations     | 6 |  6.1
Shields        | 2 9 |  9.0
Earth Magic    | 5 |  5.7
Stealth        | |  2.4
Summonings     | |  1.0
Translocations | |  0.8

Action                   |  1- 3 |  4- 6 |  7- 9 | 10-12 | 13-15 || total
-------------------------+-------+-------+-------+-------+-------++-------
Melee: Club              |    35 |       |       |       |       ||    35
       Short sword       |    27 |    10 |    63 |   144 |       ||   244
       Dagger            |       |       |       |   150 |   287 ||   437
       Mace              |       |       |       |    26 |    21 ||    47
       Quarterstaff      |       |       |       |       |   104 ||   104
       Spear             |       |       |       |       |   856 ||   856
       Scimitar          |       |       |       |       |     6 ||     6
       Trident           |       |       |       |       |   192 ||   192
       Great sword       |       |       |       |       |     4 ||     4
 Fire: Shortbow          |       |       |     9 |    11 |   242 ||   262
       Fustibalus        |       |       |       |       |    37 ||    37
Throw: Dart              |     4 |     6 |     4 |       |       ||    14
       Javelin           |       |       |       |     2 |       ||     2
 Cast: Magic Dart        |    76 |   109 |   130 |   218 |   103 ||   636
       Mephitic Cloud    |       |     2 |    30 |    66 |   152 ||   250
       Conjure Flame     |       |     2 |    17 |    71 |   202 ||   292
       Sublimation of Bl |       |       |       |    10 |     3 ||    13
       Dispel Undead     |       |       |       |    12 |    53 ||    65
       Vampiric Draining |       |       |       |    23 |    68 ||    91
Invok: Receive Necronomi |       |       |       |       |     1 ||     1
       Renounce Religion |       |       |       |       |     1 ||     1
 Abil: Dig               |     4 |     4 |    12 |    27 |    60 ||   107
Evoke: Wand              |       |       |       |     9 |    18 ||    27
  Use: Scroll            |       |     6 |     4 |    10 |    15 ||    35
       Potion            |       |       |     2 |     8 |     2 ||    12
 Stab: Sleeping          |     3 |       |       |     1 |     1 ||     5
       Distracted        |     1 |       |       |       |     1 ||     2
       Confused          |       |     1 |     4 |    16 |    50 ||    71
       Paralysed         |       |       |       |       |     4 ||     4
  Eat: Chunk             |     2 |     8 |     9 |    18 |     9 ||    46
       Ration            |       |       |       |       |    13 ||    13
Armor: Robe              |    12 |     4 |    16 |       |       ||    32
       Steam dragon scal |       |       |     1 |    27 |       ||    28
       Troll leather arm |       |       |       |   120 |   407 ||   527
Dodge: Dodged            |    47 |    16 |    64 |   294 |   811 ||  1232
Block: Buckler           |       |       |       |       |   223 ||   223
       Rpst.: Scimitar   |       |       |       |       |     3 ||     3
